Map: 羅曼死 - 天梯版

Players

Mysteryman

  • Race: Zerg Zerg

Yoger - Winner!

  • Race: Zerg Zerg
  • League: Master

Event: DreamHack SC2 Masters 2021 Summer

VOD

Have the link to the VOD?

Description

Time

  • Played on: May 20, 2021, 8:05 a.m.
  • Length: 8:43

All games in this series

Show
View Real Time Build Order
Export as new Build Order

Mysteryman Zerg 

Build Orders: Pool First 

Get SALT Encoding   

  12  0:00  Drone  
  13  0:12  Overlord  
  13  0:17  Drone  
  14  0:30  Drone x2  
  16  0:41  Spawning Pool  
  15  0:45  Drone  
  15  0:48  Drone  
  17  1:09  Hatchery  
  16  1:12  Drone  
  17  1:28  Zergling x6  
  17  1:31  Queen  
  22  1:33  Extractor  
  22  1:39  Overlord  
  21  1:50  Drone  
  22  2:00  Drone  
  23  2:07  Queen  
  25  2:11  Drone  
  26  2:20  Queen  
  28  2:23  Drone x2  
  30  2:34  Overlord  
  30  2:35  Drone  
  31  2:40  Drone  
  32  2:44  Drone x2  
  32  2:45  Drone  
  32  2:51  Drone  
  35  2:56  Drone, Queen  
  38  2:59  Drone  
  39  3:07  Drone  
  39  3:10  Lair  
  40  3:16  Drone, Evolution Chamber  
  40  3:18  Drone  
  41  3:21  Extractor  
  41  3:22  Drone, Extractor  
  41  3:23  Drone  
  41  3:27  Drone  
  41  3:28  Drone  
  43  3:36  Roach Warren  
  43  3:38  Drone  
  41  3:41  Evolution Chamber  
  41  3:44  Zerg Missile Weapons Level 1  
  41  3:48  Drone x2  
  42  3:50  Drone  
  42  3:55  Overlord  
  43  3:58  Drone  
  44  4:10  Spire  
  44  4:13  Drone x2  
  44  4:15  Glial Reconstitution  
  45  4:18  Drone  
  45  4:22  Drone x2  
  48  4:29  Extractor, Roach x2  
  51  4:37  Drone  
  52  4:38  Overlord  
  52  4:54  Hatchery  
  52  4:58  Roach x2  
  55  5:06  Drone x3  
  55  5:07  Drone  
  59  5:10  Overlord  
  59  5:17  Overlord  
  59  5:25  Overlord  
  59  5:28  Queen  
  59  5:29  Mutalisk x3  
  59  5:32  Overseer  
  67  5:36  Mutalisk x2  
  67  5:38  Mutalisk  
  73  5:44  Drone x2  
  73  5:46  Drone  
  76  5:51  Mutalisk  
  76  5:52  Mutalisk  
  80  5:58  Overlord x2  
  80  6:07  Extractor  
  76  6:11  Extractor  
  76  6:13  Mutalisk x2  
  76  6:17  Drone x4  
  83  6:18  Drone x2  
  83  6:22  Drone x3  
  88  6:26  Zerg Flyer Armor Level 1  
  88  6:33  Drone  
  88  6:36  Mutalisk  
  88  6:39  Drone x3  
  94  6:46  Mutalisk  
  96  6:56  Mutalisk  
  98  7:04  Overlord x2  
  98  7:05  Metabolic Boost, Overlord  
  98  7:06  Spore Crawler  
  95  7:10  Spore Crawler, Overlord  
  95  7:13  Spore Crawler  
  89  7:15  Queen  
  89  7:18  Overlord x2  
  89  7:23  Drone, Mutalisk  
  89  7:24  Mutalisk x2  
  89  7:29  Drone  
  97  7:30  Drone  
  97  7:31  Mutalisk  
  97  7:33  Zergling x2  
  97  7:34  Zergling x2  
  97  7:46  Mutalisk  
  97  7:47  Mutalisk x3  
  101  7:54  Mutalisk  
  101  7:56  Drone x2  
  101  7:57  Drone x2  
  105  8:06  Mutalisk x2  
  105  8:12  Mutalisk  
  99  8:14  Zergling x8  
  99  8:15  Drone  
  99  8:16  Drone  
  89  8:24  Zergling x2  
Show
View Real Time Build Order
Export as new Build Order

Yoger Zerg - Winner!

Build Orders: Hatch First 

Get SALT Encoding   

  12  0:00  Drone  
  13  0:12  Overlord  
  13  0:17  Drone  
  14  0:30  Drone x2  
  16  0:48  Hatchery  
  15  0:51  Drone  
  15  0:54  Drone  
  17  0:57  Drone  
  18  1:08  Extractor  
  17  1:13  Spawning Pool  
  17  1:16  Drone  
  17  1:19  Drone  
  18  1:27  Drone  
  19  1:39  Overlord  
  19  1:49  Drone  
  20  1:59  Queen x2  
  20  2:00  Zergling x4  
  26  2:09  Metabolic Boost  
  26  2:10  Drone  
  26  2:13  Drone  
  28  2:22  Drone x2  
  30  2:34  Zergling x4, Baneling Nest  
  29  2:46  Drone  
  29  2:47  Drone  
  32  3:00  Lair  
  32  3:02  Hatchery  
  32  3:03  Extractor  
  30  3:07  Drone  
  30  3:09  Drone  
  32  3:13  Drone x2  
  32  3:18  Overlord  
  34  3:21  Drone  
  34  3:26  Drone  
  36  3:33  Overlord  
  36  3:37  Extractor  
  36  3:38  Drone x3  
  36  3:40  Drone  
  39  3:43  Drone  
  39  3:46  Extractor  
  39  3:47  Drone  
  40  3:52  Drone x2  
  40  3:54  Drone  
  43  4:04  Spire  
  43  4:07  Drone  
  43  4:10  Drone x2  
  43  4:13  Drone  
  43  4:16  Overlord  
  45  4:23  Drone x2  
  47  4:26  Drone  
  47  4:28  Overlord  
  47  4:30  Drone  
  49  4:37  Queen  
  51  4:39  Overlord  
  51  4:41  Zergling x2  
  51  4:44  Zergling x2  
  51  4:45  Zergling x2  
  54  4:47  Zergling x2  
  54  4:59  Spine Crawler x2  
  52  5:17  Mutalisk  
  52  5:18  Mutalisk x6  
  65  5:22  Zerg Flyer Weapons Level 1  
  65  5:25  Mutalisk  
  67  5:30  Mutalisk  
  67  5:33  Drone x2  
  73  5:35  Overlord  
  73  5:36  Overlord  
  73  5:46  Extractor, Overlord x2  
  73  5:47  Drone  
  73  5:48  Extractor  
  72  5:51  Overlord  
  72  5:56  Mutalisk  
  72  5:57  Mutalisk  
  72  5:59  Drone x2  
  72  6:02  Drone  
  79  6:07  Mutalisk  
  79  6:08  Mutalisk  
  77  6:14  Drone x4  
  79  6:18  Mutalisk  
  79  6:22  Drone x2  
  84  6:25  Drone  
  84  6:27  Mutalisk  
  84  6:31  Zergling x4  
  88  6:36  Mutalisk  
  88  6:38  Zergling x6  
  93  6:40  Zergling x2  
  93  6:41  Zergling x2  
  93  6:47  Mutalisk x2  
  95  6:52  Zergling x2  
  95  6:53  Zergling x4  
  99  7:02  Mutalisk, Queen  
  100  7:13  Mutalisk x3  
  103  7:17  Mutalisk  
  103  7:20  Drone x2  
  107  7:23  Overlord  
  107  7:32  Drone x2  
  109  7:42  Mutalisk  
  109  7:43  Mutalisk x2  
  110  7:54  Mutalisk x2  
  110  7:56  Zergling x8  
  110  7:57  Zergling x6  
  121  8:00  Overlord x2  
  115  8:17  Mutalisk x2  
  103  8:22  Unknown  
  103  8:23  Hatchery  
Tags
 
Add a new tag
Caveats
  • Supply blocks, unpowered buildings, or Contaminate may cause inaccurate times.
  • Supply counts are checked every 10 seconds.